 Dungeon Crawl Stone Soup version 0.31.0-11-ge490571c62 (webtiles) character file.

Game seed: 14709634805281527081

17286 SmokeWeed the Covered (level 12, -9/89 HPs)
             Began as a Demonspawn Wanderer on Jan 28, 2024.
             Killed from afar by Azrael (22 damage)
             ... with a fireball
             ... on level 12 of the Dungeon.
             The game lasted 00:46:35 (12078 turns).

SmokeWeed the Covered (Demonspawn Wanderer)        Turns: 12078, Time: 00:46:37

Health: -9/89      AC: 18    Str: 13    XL:     12   Next: 17%
Magic:  21/21      EV: 21    Int: 18    God:
Gold:   520        SH:  4    Dex: 18    Spells: 14/24 levels left

rFire   . . .        y - +3 trident (drain)
rCold   . . .        z - orb {guile}
rNeg    . . .        P - +1 steam dragon scales
rPois   .            k - +2 helmet
rElec   .            (no cloak)
rCorr   .            K - +1 pair of gloves
SInv    .            L - +0 pair of boots
Will    .....        (no amulet)
Stlth   ++           h - +6 ring of intelligence
HPRegen 0.34/turn    n - +4 ring of protection
MPRegen 0.17/turn

%: no passive effects
@: mighty, agile, about to teleport
A: large bone plates 1, powered by pain 1, spiny 2, weakness stinger 2
a: no special abilities


You were on level 12 of the Dungeon.
You visited 2 branches of the dungeon, and saw 15 of its levels.

You collected 520 gold pieces.

Inventory:

Hand Weapons
 a - a +0 falchion
 q - a +5 spear
 y - a +3 trident of draining (weapon)
 F - a +5 scimitar of venom
 H - a +1 heavy hand axe
 O - a +5 flail of freezing
 V - a +6 hand axe
Missiles
 r - 8 poisoned darts
 t - 6 curare-tipped darts
 C - a boomerang
Armour
 k - a +2 helmet (worn)
 u - +0 acid dragon scales
 z - an orb of guile (worn)
 E - a +1 ring mail of willpower
 K - a +1 pair of gloves (worn)
 L - a +0 pair of boots (worn)
 P - +1 steam dragon scales (worn)
 R - a +0 buckler
Jewellery
 h - a +6 ring of intelligence (left hand)
 n - a +4 ring of protection (right hand)
 s - a ring of positive energy
 A - a ring of willpower
 G - a ring of poison resistance
Wands
 b - a wand of polymorph (17)
 f - a wand of acid (5)
 l - a wand of mindburst (3)
 x - a wand of roots (8)
 B - a wand of charming (12)
 D - a wand of flame (8)
 U - a wand of digging (8)
Scrolls
 e - 3 scrolls of identify
 m - 8 scrolls of teleportation
 o - 3 scrolls of vulnerability
 v - 2 scrolls of fear
 N - a scroll of amnesia
 Q - 2 scrolls of immolation
Potions
 c - 2 potions of brilliance
 g - 3 potions of lignification
 i - 4 potions of curing
 j - 3 potions of enlightenment
 w - a potion of haste
 I - 4 potions of magic
 M - 2 potions of berserk rage
 T - a potion of degeneration


   Skills:
 + Level 6.5 Fighting
 + Level 2.7 Long Blades
 + Level 7.1 Polearms
 + Level 1.1 Throwing
 * Level 7.8 Armour
 * Level 7.4 Dodging
 + Level 3.0 Stealth
 + Level 6.6 Spellcasting
 + Level 7.5 Hexes
 + Level 3.4 Summonings
 + Level 1.7 Translocations
 + Level 3.2 Air Magic
 + Level 4.0 Evocations


You had 14 spell levels left.
You knew the following spells:

 Your Spells              Type           Power      Damage    Failure   Level
a - Apportation           Tloc           24%        N/A       5%          1
b - Call Canine Familiar  Summ           18%        N/A       9%          3
c - Tukima's Dance        Hex            33%        N/A       1%          3
d - Swiftness             Air            17%        N/A       9%          3

Your spell library contained the following spells:

 Spells                   Type           Power      Damage    Failure   Level
 Sigil of Binding         Hex            33%        N/A       1%          3
 Shock                    Conj/Air       44%        1d5       6%          1
 Dazzling Flash           Conj/Hex       38%        N/A       7%          3
 Gell's Gravitas          Tloc           12%        N/A       16%         3
 Summon Ice Beast         Ice/Summ       12%        N/A       17%         3
 Dimensional Bullseye     Hex/Tloc       11%        N/A       17%         4
 Volatile Blastmotes      Fire/Tloc      18%        2d11      24%         3
 Airstrike                Air            8%         2d(2-18)  30%         4
 Fugue of the Fallen      Necr           5%         N/A       34%         3
 Hailstorm                Conj/Ice       5%         3d5       34%         3
 Ozocubu's Armour         Ice            5%         N/A       34%         3
 Manifold Assault         Tloc           12%        N/A       47%         4
 Metabolic Englaciation   Hex/Ice        9%         N/A       54%         5
 Iskenderun's Mystic Bla  Conj/Tloc      9%         2d4       61%         4
 Alistair's Intoxication  Alch           3%         N/A       97%         5
 Borgnjor's Vile Clutch   Necr/Erth      2%         N/A       97%         5
 Eringya's Noxious Bog    Alch           2%         4d6       100%        6
 Sculpt Simulacrum        Ice/Alch       2%         N/A       100%        6
 Starburst                Conj/Fire      2%         6d3       100%        6
 Maxwell's Capacitive Co  Air            8%         ∞         100%        8


Dungeon Overview and Level Annotations

Branches:
Dungeon (14/15)            Temple (1/1) D:7            Lair (0/5) D:8
    Orc (0/2) D:11         Vaults (0/5) D:14

Altars:
Ashenzari
Cheibriados
Dithmenos
Fedhas
Gozag
Hepliaklqana
Kikubaaqudgha
Makhleb
Nemelex Xobeh
Okawaru
Qazlal
Ru
Sif Muna
Trog
Uskayaw
Vehumet
Wu Jian
Xom
Yredelemnul

Shops:
D:1 !   D:10 (

Annotations:
D:3 Terence
D:4 3 runed translucent doors, TheBioAlchemist's ghost, amateur OpSh
D:12 Azrael


Innate Abilities, Weirdness & Mutations

You are partially covered in large bone plates. (SH +4)
You sometimes gain a little power by taking damage.
You are mostly covered in sharp spines.
You have a tail ending in a sharp stinger.


Message History

The hell hound closely misses you.
You hit the hell hound.
The hell hound is almost dead.
The hell hound bites you but does no damage.
The hell hound closely misses you.
You puncture the hell hound!
You kill the hell hound!
A hell hound comes into view.
Your Evocations skill increases to level 4!
You closely miss the fire elemental. The fire elemental closely misses you.
The hell hound barks!
You hit the fire elemental.
The fire elemental is lightly damaged.
You hear a bark!
The fire elemental hits you. The fire elemental burns you!
* * * LOW HITPOINT WARNING * * *
You puncture the fire elemental!
The fire elemental is heavily damaged.
The fire elemental is struck by your spines.
The fire elemental hits you. The fire elemental burns you!
* * * LOW HITPOINT WARNING * * *
You focus on the pain.
You feel agile all of a sudden.
The fire elemental is struck by your spines.
The fire elemental completely misses you.
Okay, then.
As you read the scroll of teleportation, it crumbles to dust.
You feel strangely unstable. The hell hound breathes flames at you.
The blast of flame misses the fire elemental.
The blast of flame misses you.
A hell hound comes into view.
The fire elemental closely misses you.
You hit the fire elemental.
The fire elemental is severely damaged.
Azrael gestures at you.
The fireball explodes!
The fireball engulfs the fire elemental.
The fire elemental completely resists.
The fireball engulfs you!!
You die...

## ###.......(....#........#
.####..............#>....)..#
...................#.$...(R☼#
#.###.....................#○○
#......###.######.##......○#
......## #.# #.##.c..○..#
.###..# #.# #○.#○☼☼☼...#. .
##.# #.#######h##........ ..
#######.#....@EREh.....##$ .
..........#######...#### .
..#####.### ###....# #.#
###... ... #.. .... . ....##
#....# .....#


You could see Azrael, 2 fire elementals and 2 hell hounds.

Vanquished Creatures
  A boulder beetle (D:11)
  2 centaur warriors
  3 two-headed ogres
  A deep elf pyromancer (D:14)
  A manticore (D:11)
  3 meliai (D:10)
  Joseph (D:7)
  Jeremiah (D:6)
  A troll (D:11)
  Prince Ribbit (D:7)
  Sigmund (D:3)
  A shadow (D:9)
  A vampire (D:10)
  6 wyverns
  27 yaks
  2 basilisks (D:8)
  2 wraiths
  3 acid dragons
  A nameless horror (D:5)
  3 hell hounds (D:12)
  4 water moccasins
  2 orc warriors
  2 black bears (D:6)
  4 centaurs
  Blork the orc (D:6)
  4 phantoms
  A kobold brigand (D:8)
  4 bullfrogs
  5 scorpions
  10 wights
  5 killer bees (D:7)
  6 howler monkeys
  A bombardier beetle (D:5)
  A jelly (D:5)
  A gnoll bouda (D:7)
  An orc priest (D:7)
  A sleepcap (D:6)
  Jessica (D:2)
  Ijyb (D:5)
  7 orc wizards
  Natasha (thrice) (D:2)
  Robin (D:2)
  11 gnolls
  4 adders
  2 shadow imps (D:6)
  4 white imps
  2 ufetubi (D:5)
  4 dart slugs
  A ribbon worm (D:3)
  36 orcs
  9 endoplasms
  4 giant cockroaches
  14 goblins
  7 hobgoblins
  2 jackals (D:3)
  9 kobolds
  A quokka (D:2)
  5 ball pythons
  8 bats
  3 frilled lizards
  11 rats
265 creatures vanquished.

Vanquished Creatures (collateral kills)
  Maggie (D:10)
  A troll (D:11)
  A centaur (D:7)
  3 wights
  A gnoll (D:7)
  6 orcs
13 creatures vanquished.

Vanquished Creatures (others)
  17 dancing weapons
  An orc wizard (D:8)
18 creatures vanquished.

Grand Total: 296 creatures vanquished

Notes
Turn   | Place    | Note
-------+----------+-------------------------------------------
     0 | D:1      | SmokeWeed the Demonspawn Wanderer began the quest for the
                  | Orb.
     0 | D:1      | SmokeWeed set off with the following items: a +0 falchion,
                  | a wand of polymorph (5), a potion of brilliance, a +0 robe;
                  | and the following spell memorised: Apportation; and the
                  | following spells available to memorise: Gell's Gravitas,
                  | Dimensional Bullseye.
     0 | D:1      | Reached XP level 1. HP: 15/15 MP: 2/2
     4 | D:1      | Noticed a ghoul
     4 | D:1      | Noticed a draconian
     6 | D:1      | Noticed a felid
     6 | D:1      | Noticed a vampire
     8 | D:1      | Noticed a demonspawn
     8 | D:1      | Noticed a vine stalker
    10 | D:1      | Noticed a demigod
    10 | D:1      | Noticed a djinni
    12 | D:1      | Noticed a tengu
    12 | D:1      | Noticed an elf
    14 | D:1      | Noticed a barachi
    14 | D:1      | Noticed an oni
    16 | D:1      | Noticed an armataur
    18 | D:1      | Noticed a minotaur
    18 | D:1      | Noticed a merfolk
    20 | D:1      | Noticed a gargoyle
    20 | D:1      | Noticed a human
    22 | D:1      | Noticed an octopode
    22 | D:1      | Noticed a spriggan
    24 | D:1      | Noticed a troll
    26 | D:1      | Noticed a formicid
    26 | D:1      | Noticed a naga
   137 | D:1      | Found Zekaotsy's Distillery.
   348 | D:1      | Gained mutation: You sometimes gain a little power by
                  | taking damage. [demonic ancestry]
   348 | D:1      | Reached XP level 2. HP: 16/22 MP: 3/3
   839 | D:2      | Gained mutation: You are partially covered in sharp spines.
                  | [demonic ancestry]
   839 | D:2      | Reached XP level 3. HP: 20/29 MP: 4/4
   895 | D:2      | Noticed Jessica
   900 | D:2      | Killed Jessica
   920 | D:2      | Noticed Natasha
   930 | D:2      | Killed Natasha
   931 | D:2      | Gained mutation: You are partially covered in large bone
                  | plates. (SH +4) [demonic ancestry]
   931 | D:2      | Reached XP level 4. HP: 30/37 MP: 5/5
  1038 | D:2      | Noticed Robin
  1062 | D:2      | Killed Robin
  1070 | D:2      | Reached skill level 1 in Dodging
  1101 | D:2      | Noticed Natasha
  1111 | D:2      | Killed Natasha
  1112 | D:2      | Reached XP level 5. HP: 30/42 MP: 6/6
  1230 | D:2      | Noticed Natasha
  1469 | D:2      | Killed Natasha
  2375 | D:3      | Noticed Sigmund
  2398 | D:3      | HP: 2/42 [something (7)]
  2399 | D:3      | Killed Sigmund
  2400 | D:3      | Reached XP level 6. HP: 2/48 MP: 7/7
  2598 | D:3      | Found a faded altar of an unknown god.
  2607 | D:3      | Found a basalt altar of Yredelemnul.
  2608 | D:3      | Noticed Terence
  2923 | D:4      | Learned a level 3 spell: Call Canine Familiar
  2971 | D:4      | Found a runed translucent gate.
  2971 | D:4      | Found a runed translucent gate.
  2971 | D:4      | Found a runed translucent gate.
  3016 | D:4      | Noticed an ice beast
  3017 | D:4      | Noticed TheBioAlchemist's ghost (amateur OpSh)
  3074 | D:4      | Reached skill level 1 in Summonings
  3428 | D:4      | Gained mutation: You are mostly covered in sharp spines.
                  | [demonic ancestry]
  3428 | D:4      | Reached XP level 7. HP: 48/54 MP: 9/9
  3704 | D:5      | Entered Level 5 of the Dungeon
  3866 | D:5      | Noticed a nameless horror
  3874 | D:5      | Killed a nameless horror
  4230 | D:5      | Found a sparkling altar of Nemelex Xobeh.
  4354 | D:5      | HP: 2/54 [poisoned by a scorpion]
  4544 | D:5      | Noticed Ijyb
  4550 | D:5      | Killed Ijyb
  4708 | D:6      | Reached XP level 8. HP: 60/60 MP: 12/12
  4903 | D:6      | Noticed Jeremiah
  5086 | D:6      | Killed Jeremiah
  5087 | D:6      | Reached skill level 5 in Armour
  5290 | D:6      | Found a blossoming altar of Fedhas.
  5526 | D:6      | Noticed Blork the orc
  5532 | D:6      | Killed Blork the orc
  5656 | D:6      | Learned a level 3 spell: Tukima's Dance
  5686 | D:7      | Reached skill level 1 in Hexes
  5712 | D:7      | Noticed Prince Ribbit
  5725 | D:7      | Killed Prince Ribbit
  5726 | D:7      | Reached XP level 9. HP: 40/65 MP: 13/13
  5812 | D:7      | Noticed Joseph
  5823 | D:7      | Killed Joseph
  5824 | D:7      | Reached skill level 5 in Hexes
  6142 | D:7      | Reached skill level 1 in Polearms
  6148 | D:7      | Found a radiant altar of Vehumet.
  6229 | D:7      | Found a staircase to the Ecumenical Temple.
  6317 | Temple   | Entered the Ecumenical Temple
  6574 | D:7      | Learned a level 3 spell: Swiftness
  6972 | D:8      | Noticed a two-headed ogre
  6986 | D:8      | Killed a two-headed ogre
  6987 | D:8      | Reached skill level 5 in Dodging
  6987 | D:8      | Gained mutation: You have a small tail. [demonic ancestry]
  6987 | D:8      | Reached XP level 10. HP: 69/73 MP: 3/17
  7420 | D:8      | Reached skill level 1 in Air Magic
  7438 | D:8      | Reached skill level 5 in Spellcasting
  7442 | D:8      | Reached skill level 5 in Fighting
  7586 | D:8      | Found a staircase to the Lair.
  7653 | D:8      | Found a stormy altar of Qazlal.
  7659 | D:8      | Found an ornate altar of the Wu Jian Council.
  8119 | D:8      | Reached skill level 5 in Polearms
  8546 | D:9      | Found a sacrificial altar of Ru.
  8709 | D:9      | Gained mutation: You have a tail ending in a sharp stinger.
                  | [demonic ancestry]
  8709 | D:9      | Reached XP level 11. HP: 54/81 MP: 19/19
  8861 | D:9      | Noticed a two-headed ogre
  8872 | D:9      | Killed a two-headed ogre
  8943 | D:9      | Found a hazy altar of Hepliaklqana.
  9174 | D:9      | Reached skill level 1 in Stealth
  9357 | D:10     | Entered Level 10 of the Dungeon
  9472 | D:10     | Noticed Maggie
  9479 | D:10     | Killed Maggie
  9804 | D:10     | Found Yxzobupn's Weapon Boutique.
 10702 | D:11     | Noticed a boulder beetle
 10726 | D:11     | Killed a boulder beetle
 10771 | D:11     | Found a staircase to the Orcish Mines.
 11077 | D:11     | Noticed a two-headed ogre
 11087 | D:11     | Killed a two-headed ogre
 11493 | D:12     | You fall into a shaft and drop 2 floors!
 11519 | D:14     | Found a shadowy altar of Dithmenos.
 11522 | D:14     | Noticed a deep elf pyromancer
 11527 | D:14     | Noticed a centaur warrior
 11539 | D:14     | Killed a centaur warrior
 11540 | D:14     | Reached XP level 12. HP: 42/89 MP: 10/21
 11758 | D:14     | Found a gate to the Vaults.
 11782 | D:13     | Noticed a centaur warrior
 11787 | D:13     | Killed a centaur warrior
 12054 | D:12     | Noticed Azrael
 12078 | D:12     | Killed from afar by Azrael

Illustrated notes

Levels and vault maps discovered:
D:1:      kb_arrival_jail, layout_loops_ring, serial_shops,
          nicolae_lakefront_shop
D:2:      layout_loops_ring, kennysheep_generic_room_13, uniq_robin,
          uniq_jessica, uniq_natasha
D:3:      layout_basic, nicolae_overflow_ecumenical_swirl, uniq_terence,
          uniq_sigmund
D:4:      layout_loops_ring, gammafunk_ghost_icy
D:5:      layout_loops_ring, nemelex_spade_bored_becter, uniq_ijyb
D:6:      layout_gridville, marbit_many_paths, uniq_jeremiah, uniq_blork_the_orc
D:7:      layout_rooms, vehumet_altar_wand_db, minmay_temple_entry_slanted,
          uniq_prince_ribbit1, uniq_joseph
D:8:      layout_basic, minitemple, mainiacjoe_overflow_concentric_impassable,
          minmay_lair_entry_grove
D:9:      layout_roguey, mainiacjoe_overflow_cross_hatched,
          kennysheep_mini_moat, reono_crystal_passage, kennysheep_cross_room
D:10:     layout_roguey, serial_shops, shop, uniq_maggie
D:11:     layout_irregular_city, david_orc_2
D:12:     layout_rooms, serial_shops, bzr_firewalk,
          hangedman_cracks_in_the_wall, uniq_azrael
D:13:     layout_irregular_city, serial_shops, shop, uniq_erolcha
D:14:     regret_index_early_branch_jog, layout_basic,
          nicolae_dithmenos_shadow_blocks, fountainhead
Temple:   nicolae_temple_ecumenical_triangle

Skill      XL: |  1  2  3  4  5  6  7  8  9 10 11 12 |
---------------+-------------------------------------+-----
Fighting       | 2 3 4 5 6 |  6.5
Dodging        | 1 4 5 7 |  7.4
Summonings     | 1 3 |  3.4
Spellcasting   | 3 4 5 6 |  6.6
Evocations     | 3 4 |  4.0
Armour         | 6 7 |  7.8
Hexes          | 3 6 7 |  7.5
Polearms       | 3 5 6 7 |  7.1
Air Magic      | 3 |  3.2
Stealth        | 2 3 |  3.0
Long Blades    | |  2.7
Throwing       | |  1.1
Translocations | |  1.7

Action                     |  1- 3 |  4- 6 |  7- 9 | 10-12 || total
---------------------------+-------+-------+-------+-------++-------
  Melee: Falchion          |    78 |   152 |   102 |       ||   332
         Unarmed           |       |     5 |       |       ||     5
         Punch             |       |       |     3 |       ||     3
         Trident           |       |       |   125 |   355 ||   480
         Tailslap          |       |       |       |    75 ||    75
  Throw: Dart              |       |       |    12 |       ||    12
   Cast: Call Canine Famil |       |       |     2 |     2 ||     4
         Tukima's Dance    |       |       |    21 |    40 ||    61
         Swiftness         |       |       |       |     2 ||     2
  Evoke: Wand              |       |       |     9 |    13 ||    22
    Use: Scroll            |     4 |     2 |     5 |    11 ||    22
         Potion            |       |       |       |     1 ||     1
   Stab: Sleeping          |       |       |       |     6 ||     6
         Distracted        |       |       |       |     1 ||     1
 Armour: Robe              |    49 |       |       |       ||    49
         Ring mail         |       |    83 |    33 |       ||   116
         Skin              |       |     8 |       |       ||     8
         Acid dragon scale |       |       |    97 |   129 ||   226
         Steam dragon scal |       |       |       |   138 ||   138
  Dodge: Dodged            |    49 |    66 |   128 |   222 ||   465
  Block: Other             |       |    25 |    25 |       ||    50
